 Dungeon Crawl Stone Soup version 0.31.0-32-g396128a36d (webtiles) character file.

Game seed: 16630630416154132107

1548 ConditionCollision the Changeling (level 8, 0/62 HPs)
             Began as an Octopode Shapeshifter on Mar 11, 2024.
             Succumbed to a killer bee's poison
             ... on level 5 of the Dungeon.
             The game lasted 00:08:35 (5247 turns).

ConditionCollision the Changeling (OpSh)            Turns: 5247, Time: 00:08:36

Health: 0/62       AC:  1    Str: 17    XL:     8   Next: 87%
Magic:  8/8        EV: 17    Int: 13    God:
Gold:   228        SH:  0    Dex: 11    Spells: 7/7 levels left

rFire   . . .        k - melded +2 dagger (elec)
rCold   . . .        (shield currently unavailable)
rNeg    . . .        (helmet restricted)
rPois   .            p - amulet of the acrobat
rElec   .            (no ring)
rCorr   .            (no ring)
SInv    +            (no ring)
Will    .....        (no ring)
Stlth   +            (no ring)
HPRegen 0.30/turn    (no ring)
MPRegen 0.11/turn    (no ring)
                     (no ring)

%: acrobat
@: lethally poisoned (0 -> -19), flux-form, hasted, glowing, very quick
A: glow, contaminating, almost no armour, amphibious, 8 rings, camouflage 1,
gelatinous body 1, (nimble swimmer 1), tentacles, see invisible, robust 1,
strong 1, wild magic 1
a: Begin Untransformation


You were on level 5 of the Dungeon.
You were something dangerously unstable.
You visited 1 branch of the dungeon, and saw 6 of its levels.

You collected 228 gold pieces.


Innate Abilities, Weirdness & Mutations

You are something dangerously unstable.
You glow with magical radiation, making you easy to see and hit.
Foes you strike become dangerously contaminated with magical radiation.
You are incapable of wielding weapons or throwing items.
You cannot wear most types of armour.
You are amphibious.
You can wear up to eight rings at the same time.
Your skin changes colour to match your surroundings (Stealth+).
Your rubbery body absorbs attacks. (AC +1, EV +1)
((You are camouflaged when in or above water. (Stealth+)))
You have tentacles for arms and can constrict up to eight enemies at once.
You have supernaturally acute eyesight. (SInv)
You are robust. (+10% HP)
Your muscles are strong. (Str +4, Int/Dex -1)
Your spells are a little harder to cast, but a little more powerful.


   Skills:
 + Level 6.3 Fighting
 - Level 2.0 Dodging
 * Level 6.2 Unarmed Combat
 - Level 7.0 Shapeshifting


You had 7 spell levels left.
You didn't know any spells.
Your spell library contained the following spells:

 Spells                   Type           Power      Damage    Failure   Level
 Shock                    Conj/Air       0%         1d3       38%         1
 Ensorcelled Hibernation  Hex/Ice        0%         N/A       52%         2
 Fugue of the Fallen      Necr           0%         N/A       75%         3
 Swiftness                Air            0%         N/A       75%         3
 Airstrike                Air            0%         2d(0-16)  98%         4
 Anguish                  Hex/Necr       0%         N/A       98%         4

Inventory:

Hand Weapons
 k - a +2 dagger of electrocution (melded)
Missiles
 g - 4 curare-tipped darts (quivered) {=f}
 s - 12 poisoned darts
Jewellery
 p - an amulet of the acrobat (around mantle)
Talismans
 b - a beast talisman
 c - a flux talisman (active)
Wands
 u - a wand of digging (4)
Scrolls
 d - 3 scrolls of poison {unknown}
 f - a scroll of vulnerability {unknown}
 h - 2 scrolls of blinking {unknown}
 i - 4 scrolls of fear {unknown}
 m - 2 scrolls of teleportation {unknown}
 n - 4 scrolls of identify {unknown}
 q - a scroll of silence {unknown}
 r - 2 scrolls of amnesia {unknown}
 t - 3 scrolls of enchant weapon {unknown}
 v - a scroll of torment {unknown}
 w - a scroll of acquirement {unknown}
Potions
 a - a potion of lignification
 j - a potion of berserk rage {unknown}
 l - 3 potions of curing {unknown}
 o - a potion of haste {@q3}

Dungeon Overview and Level Annotations

Branches:
Dungeon (6/15)
 Temple: D:4-7

Altars:
Ashenzari
Cheibriados
Ru
Trog

Shops:
D:1

= ⚑...#.#
#...†.....###..##(..##.)# ....#)#
##.####...#....#..8..#... ⚑P⌠.'.#
#.####...#.#............ )..)#.#
#....#...#.####.........
⚑...#.#######.....#)#...#.......#
#P.##...............#...#......##
P##....#####...#.#..#...#.######
..#.##.# #...#.#..#...#.#
....##.#####...#py.##...#.#######
...........'...yy#.##............
....##.#####.....#'##............
.<..##.#####.....................
....##.#......#..................
....##.#+####.#..................
....##....# #.#..#.####..........
###.##....###.#..#.# ###.###..##
###.##...........#.# ###..###.#


You could see 3 killer bees.


Message History

The killer bee barely misses you. The killer bee closely misses you. x2
The killer bee stings you!
* * * LOW HITPOINT WARNING * * *
You are poisoned.
The killer bee poisons you! The killer bee stings you.
* * * LOW HITPOINT WARNING * * *
The killer bee stings you!
* * * LOW HITPOINT WARNING * * *
You are lethally poisoned!
The killer bee poisons you!
You climb upwards.
* * * LOW HITPOINT WARNING * * *
You feel very sick.
There is a stone staircase leading down here.
Unknown command.
Okay, then.
It was a potion of haste.
You feel yourself speed up.
* * * LOW HITPOINT WARNING * * *
You feel sick. The killer bee stings you.
* * * LOW HITPOINT WARNING * * *
You are more poisoned.
The killer bee poisons you! The killer bee misses you.
The killer bee stings you but does no damage.
The killer bee closely misses you.
The killer bee stings you but does no damage.
The killer bee barely misses you.
It was a potion of mutation.
You feel extremely strange.
Your vision sharpens.
You feel robust.
You feel less in control of your magic.
You feel stronger.
You die...

Skill      XL: |  1  2  3  4  5  6  7  8 |
---------------+-------------------------+-----
Fighting       | 2 3 5 6 |  6.3
Shapeshifting  | 5 7 |  7.0
Unarmed Combat | 6 |  6.2
Dodging        | |  2.0

Action                     |  1- 3 |  4- 6 |  7- 9 || total
---------------------------+-------+-------+-------++-------
  Melee: Unarmed           |    50 |    19 |     4 ||    73
         Constrict         |     8 |    23 |    34 ||    65
         Tentacles         |     5 |    16 |    22 ||    43
         Dagger            |       |    79 |   136 ||   215
         Punch             |       |     2 |     6 ||     8
  Throw: Dart              |       |     6 |     1 ||     7
    Use: Potion            |       |       |     2 ||     2
   Stab: Sleeping          |     6 |     4 |     6 ||    16
 Armour: Skin              |    15 |    38 |    70 ||   123
  Dodge: Dodged            |    21 |    52 |    78 ||   151
   Form: Flux              |       |       |     1 ||     1

Levels and vault maps discovered:
D:1:      evilmike_arrival_fibonacci_small, layout_loops_cross, serial_shops,
          shop_statue
D:2:      layout_basic, uniq_sigmund, uniq_terence
D:3:      layout_rooms, mainiacjoe_overflow_chevrons, serial_co_window_serial,
          co_window_of_opportunity_a, co_window_paths_a, co_window_cross_1,
          co_window_cross_1, co_window_paths_a, co_window_of_opportunity_a,
          co_window_paths_b, co_window_broadway_b, co_window_paths_c,
          co_window_unsneaky_path_d, co_window_corner_b, co_window_2corner,
          co_window_4corner_b, co_window_paths_d, glass_columns_a,
          glass_columns_b, chequers_decorated_corner, uniq_robin
D:4:      layout_basic, minmay_cupped
D:5:      layout_basic, gammafunk_temple_overflow_forgotten,
          mainiacjoe_ossuary_entry_dusty_tomb, mrwooster_statue_mirror,
          uniq_blork_the_orc
D:6:      layout_basic, temple_hall, kennysheep_generic_room_13, uniq_menkaure

Notes
Turn   | Place    | Note
-------+----------+-------------------------------------------
     0 | D:1      | ConditionCollision the Octopode Shapeshifter began the
                  | quest for the Orb.
     0 | D:1      | Reached XP level 1. HP: 13/13 MP: 1/1
   231 | D:1      | Reached skill level 2 in Fighting
   231 | D:1      | Reached XP level 2. HP: 19/19 MP: 2/2
   634 | D:1      | Found Vareuve's Jewellery Boutique.
   850 | D:2      | Reached skill level 3 in Fighting
   850 | D:2      | Reached XP level 3. HP: 8/26 MP: 3/3
   942 | D:2      | Noticed Sigmund
  1018 | D:2      | Noticed Terence
  1027 | D:2      | Killed Terence
  1129 | D:2      | Reached XP level 4. HP: 27/33 MP: 4/4
  1181 | D:2      | Reached skill level 4 in Fighting
  1184 | D:2      | Killed Sigmund
  1185 | D:2      | Reached skill level 5 in Fighting
  1185 | D:2      | Reached XP level 5. HP: 36/39 MP: 5/5
  1198 | D:2      | Reached XP level 6. HP: 37/45 MP: 6/6
  1257 | D:2      | Reached skill level 4 in Shapeshifting
  1941 | D:3      | Found a sacrificial altar of Ru.
  2096 | D:3      | Noticed Robin
  2115 | D:3      | Killed Robin
  2780 | D:4      | Reached skill level 5 in Shapeshifting
  2811 | D:4      | Noticed a black bear
  2819 | D:4      | Killed a black bear
  2820 | D:4      | Reached XP level 7. HP: 44/50 MP: 7/7
  3135 | D:4      | Reached skill level 6 in Shapeshifting
  3315 | D:4      | HP: 5/50 [poisoned by an adder]
  3592 | D:4      | Reached skill level 7 in Shapeshifting
  3760 | D:5      | Entered Level 5 of the Dungeon
  3767 | D:5      | Found a bloodstained altar of Trog.
  3773 | D:5      | Found a broken altar of Ashenzari.
  3773 | D:5      | Found a snail-covered altar of Cheibriados.
  3862 | D:5      | Reached XP level 8. HP: 48/55 MP: 8/8
  4101 | D:5      | Noticed Blork the orc
  4107 | D:5      | Reached skill level 4 in Unarmed Combat
  4109 | D:5      | Killed Blork the orc
  4339 | D:5      | Reached skill level 5 in Unarmed Combat
  4370 | D:5      | HP: 5/57 [orc wizard/+0 dagger (4)]
  4924 | D:5      | Reached skill level 6 in Fighting
  4925 | D:5      | HP: 4/57 [hound (4)]
  5230 | D:6      | Noticed Menkaure
  5237 | D:6      | Killed Menkaure
  5238 | D:6      | Reached skill level 6 in Unarmed Combat
  5246 | D:5      | HP: 3/57 [killer bee (4)]
  5247 | D:5      | Gained mutation: You have supernaturally acute eyesight.
                  | (SInv) [potion of mutation]
  5247 | D:5      | Gained mutation: You are robust. (+10% HP) [potion of
                  | mutation]
  5247 | D:5      | Gained mutation: Your spells are a little harder to cast,
                  | but a little more powerful. [potion of mutation]
  5247 | D:5      | Gained mutation: Your muscles are strong. (Str +4, Int/Dex
                  | -1) [potion of mutation]
  5247 | D:5      | Succumbed to a killer bee's poison

Vanquished Creatures
  Sigmund (D:2)
  Menkaure (D:6)
  A black bear (D:4)
  An orc warrior (D:4)
  A phantom (D:5)
  Blork the orc (D:5)
  4 orc priests
  2 bombardier beetles (D:4)
  A gnoll bouda (D:5)
  5 hounds
  A jelly (D:5)
  A sleepcap (D:5)
  Terence (D:2)
  2 iguanas (D:5)
  6 orc wizards
  Robin (D:3)
  8 gnolls
  12 adders
  3 dart slugs
  2 ribbon worms (D:4)
  24 orcs
  5 bats
  9 endoplasms
  2 giant cockroaches
  13 goblins
  7 hobgoblins
  A quokka (D:1)
  7 ball pythons
  4 frilled lizards
  8 kobolds
  2 rats (D:2)
137 creatures vanquished.

Table legend: (Time is in decaauts)
 A = Elapsed time spent in this place.
 B = Non-inter-level travel time spent in this place.
 C = Inter-level travel time spent in this place.
 D = Time resting spent in this place.
 E = Time spent auto-exploring this place.
 F = Levels seen in this place.
 G = Mean time per level.
                   A        B        C        D        E       F      G
               +--------+--------+--------+--------+--------+-----+--------+
         Total |   5242 |   5021 |    221 |    448 |   3724 |   6 |  873.7 |
       Dungeon |   5242 |   5021 |    221 |    448 |   3724 |   6 |  873.7 |
               +--------+--------+--------+--------+--------+-----+--------+

Top non-repeatable levels by time:
     D:5: 1451 daAuts
     D:3: 1145 daAuts
     D:4: 984 daAuts
     D:1: 953 daAuts
     D:2: 672 daAuts
     D:6: 35 daAuts

Table legend:
 A = Non-vault XP
 B = Vault XP
 C = Vault XP percentage of total XP
 D = Non-vault monster count
 E = Vault monster count
 F = Vault count percentage of total count
                 A         B        C        D         E       F
            +---------+---------+-------+---------+---------+-------
      Total |    1521 |     691 |  31.2 |     120 |      17 |  12.4
            +---------+---------+-------+---------+---------+-------
        D:1 |      29 |       0 |   0.0 |      18 |       0 |   0.0
        D:2 |     127 |     250 |  66.3 |      23 |       2 |   8.0
        D:3 |      77 |      31 |  28.7 |      15 |       9 |  37.5
        D:4 |     463 |     147 |  24.1 |      30 |       4 |  11.8
        D:5 |     825 |      91 |   9.9 |      34 |       1 |   2.9
        D:6 |       0 |     172 | 100.0 |       0 |       1 | 100.0
            +---------+---------+-------+---------+---------+-------
